SAAA
SCRANTON SUPERNOVAS @ TORTOLITA DRUMMERS
08/02/2042
 
TOP OF THE 1ST
Scranton Supernovas batting - Pitching for Tortolita Drummers : LHP Zalontae Hillary
Pitching: LHP Zalontae Hillary
Batting: RHB Yong-ho Jheon 0-0: SINGLE (Flyball, 9LS, EV 100.6 MPH)
Batting: SHB John Clements 0-0: Ball
1-0: Called Strike
1-1: Ball
2-1: Foul Ball, location: 2F
2-2: Foul Ball, location: 2F
2-2: Ball
3-2: SINGLE (Groundball, 6MD, EV 100.0 MPH)
Yong-ho Jheon to second
Batting: LHB Ken Norris 0-0: Called Strike
0-1: Ball
1-1: Called Strike
1-2: SINGLE (Flyball, 78S, EV 84.4 MPH)
Yong-ho Jheon to third
John Clements to second
Batting: RHB Phil Moore 0-0: Foul Ball, location: 2F
0-1: Foul Ball, location: 2F
0-2: Strikes out looking
Batting: LHB Guan-pei Bei 0-0: Swinging Strike
0-1: Foul Ball, location: 2F
0-2: Ball
1-2: Fielders Choice at 2nd, 3-6 (Groundball, 3, EV 90.0 MPH)
Yong-ho Jheon scores
John Clements to third
Batting: RHB Guillermo Alessandrini 0-0: Ball
1-0: Fly out, F8 (Flyball, 8RXD, EV 107.5 MPH)
Top of the 1st over - 1 run, 3 hits, 0 errors, 2 left on base; Scranton 1 - Tortolita 0
BOTTOM OF THE 1ST
Tortolita Drummers batting - Pitching for Scranton Supernovas : RHP Oliver Rodríguez
Pitching: RHP Oliver Rodríguez
Batting: LHB Carlos Leyva 0-0: Called Strike
0-1: Called Strike
0-2: Ball
1-2: Foul Ball, location: 2F
1-2: Ground out 6-3 (Groundball, 6, EV 85.0 MPH)
Batting: SHB Fernando Rincón 0-0: Ball
1-0: Foul Ball, location: 2F
1-1: Foul Ball, location: 2F
1-2: Ground out U3 (Groundball, 3, EV 88.1 MPH)
Batting: LHB Rick Crockett 0-0: SINGLE (Flyball, 89S, EV 94.4 MPH)
Batting: RHB Tae-cho Han 0-0: Called Strike
0-1: Ball
1-1: Ball
2-1: Ball
3-1: Foul Ball, location: 2F
3-2: SINGLE (Flyball, 9S, EV 93.8 MPH)
Rick Crockett to second
Rick Crockett to third
Batting: LHB Shawn Kyllo 0-0: Ball
1-0: Called Strike
1-1: Foul Ball, location: 2F
1-2: Strikes out looking
Bottom of the 1st over - 0 runs, 2 hits, 0 errors, 2 left on base; Scranton 1 - Tortolita 0
TOP OF THE 2ND
Scranton Supernovas batting - Pitching for Tortolita Drummers : LHP Zalontae Hillary
Batting: RHB César Ferreira 0-0: Called Strike
0-1: Foul Ball, location: 2F
0-2: Ball
1-2: Ball
2-2: Ball
3-2: SINGLE (Line Drive, 4MD, EV 98.8 MPH)
Batting: LHB Quentin Batkin 0-0: Ball
1-0: Ball
2-0: Called Strike
2-1: Ball
3-1: Foul Ball, location: 2F
3-2: SINGLE (Line Drive, 7S, EV 93.1 MPH)
César Ferreira to second
Batting: RHB Domingo Cabrera 0-0: Ball
Wild Pitch!
César Ferreira to third
Quentin Batkin to second
1-0: Ground out 5-3 (Groundball, 5, EV 92.5 MPH)
Batting: RHB Yong-ho Jheon 0-0: Called Strike
0-1: SINGLE (Groundball, 56D, EV 95.0 MPH)
César Ferreira scores
Quentin Batkin to third
Runner from 3rd tries for Home, SAFE, throw by LF to home
Batting: SHB John Clements 0-0: DOUBLE (Line Drive, 89D, EV 111.9 MPH)
Yong-ho Jheon to third
Batting: LHB Ken Norris 0-0: Ball
1-0: Fly out, F5 (Popup, 5L, EV 83.1 MPH)
Batting: RHB Phil Moore 0-0: Ball
1-0: Called Strike
1-1: Ball
2-1: Foul Ball, location: 2F
2-2: Foul Ball, location: 2F
2-2: Fly out, F8 (Flyball, 8LXD, EV 90.6 MPH)
Top of the 2nd over - 2 runs, 4 hits, 0 errors, 2 left on base; Scranton 3 - Tortolita 0
BOTTOM OF THE 2ND
Tortolita Drummers batting - Pitching for Scranton Supernovas : RHP Oliver Rodríguez
Batting: RHB Min-gook Ch'oe 0-0: Swinging Strike
0-1: SOLO HOME RUN (Flyball, 78XD, EV 103.8 MPH), Distance : 416 ft
Batting: RHB Peter Holland 0-0: Foul Ball, location: 2F
0-1: Swinging Strike
0-2: Ball
1-2: Foul Ball, location: 2F
1-2: Foul Ball, location: 2F
1-2: Ball
2-2: Ground out 6-3 (Groundball, 6, EV 102.5 MPH)
Batting: SHB John Wilder 0-0: Ball
1-0: Called Strike
1-1: Foul Ball, location: 2F
1-2: Foul Ball, location: 2F
1-2: Ball
2-2: SINGLE (Flyball, 8RS, EV 96.2 MPH)
Batting: RHB Ken Moore 0-0: Ball
1-0: Ball
2-0: Ball
3-0: Swinging Strike
3-1: Base on Balls
John Wilder to second
Batting: LHB Carlos Leyva 0-0: Swinging Strike
0-1: Fly out, F7 (Flyball, 7LD, EV 101.2 MPH)
Batting: SHB Fernando Rincón 0-0: Ball
1-0: Called Strike
1-1: Ball
2-1: Ball
3-1: Foul Ball, location: 2F
3-2: Fly out, F8 (Flyball, 8LM, EV 82.5 MPH)
Bottom of the 2nd over - 1 run, 2 hits, 0 errors, 2 left on base; Scranton 3 - Tortolita 1
TOP OF THE 3RD
Scranton Supernovas batting - Pitching for Tortolita Drummers : LHP Zalontae Hillary
Batting: LHB Guan-pei Bei 0-0: Ground out 6-3 (Groundball, 6, EV 101.9 MPH)
Batting: RHB Guillermo Alessandrini 0-0: Foul Ball, location: 2F
0-1: Ball
1-1: Swinging Strike
1-2: Strikes out looking
Batting: RHB César Ferreira 0-0: Called Strike
0-1: Fly out, F8 (Flyball, 8LM, EV 93.8 MPH)
Top of the 3rd over - 0 runs, 0 hits, 0 errors, 0 left on base; Scranton 3 - Tortolita 1
BOTTOM OF THE 3RD
Tortolita Drummers batting - Pitching for Scranton Supernovas : RHP Oliver Rodríguez
Batting: LHB Rick Crockett 0-0: Called Strike
0-1: Fly out, F6 (Popup, 4M, EV 50.6 MPH)
Batting: RHB Tae-cho Han 0-0: Ball
1-0: Swinging Strike
1-1: Foul Ball, location: 2F
1-2: Ball
2-2: Fly out, F9 (Flyball, 89D, EV 95.6 MPH)
Batting: LHB Shawn Kyllo 0-0: Ball
1-0: Foul Ball, location: 2F
1-1: Fly out, F8 (Flyball, 8RS, EV 96.9 MPH)
Bottom of the 3rd over - 0 runs, 0 hits, 0 errors, 0 left on base; Scranton 3 - Tortolita 1
TOP OF THE 4TH
Scranton Supernovas batting - Pitching for Tortolita Drummers : LHP Zalontae Hillary
Batting: LHB Quentin Batkin 0-0: Ball
1-0: Foul Ball, location: 2F
1-1: Called Strike
1-2: Strikes out looking
Batting: RHB Domingo Cabrera 0-0: Foul Ball, location: 2F
0-1: Foul Ball, location: 2F
0-2: Ball
1-2: Ball
2-2: SINGLE (Line Drive, 56D, EV 99.4 MPH)
Batting: RHB Yong-ho Jheon 0-0: Ball
1-0: Ball
2-0: SINGLE (Flyball, 7LS, EV 91.2 MPH)
Domingo Cabrera to second
Batting: SHB John Clements 0-0: Called Strike
0-1: Ball
1-1: SINGLE (Line Drive, 9S, EV 105.0 MPH)
Domingo Cabrera to third
Yong-ho Jheon to second
Batting: LHB Ken Norris 0-0: Called Strike
0-1: Foul Ball, location: 2F
0-2: Ball
1-2: Fly out, F8 (Line Drive, 8RD, EV 84.4 MPH)
Runner from 3rd tags up, SCORES, throw by CF
Yong-ho Jheon to third
Batting: RHB Phil Moore 0-0: Foul Ball, location: 2F
0-1: Ball
1-1: Foul Ball, location: 2F
1-2: Fielders Choice at 2nd, 6-4 (Groundball, 6, EV 80.0 MPH)
Top of the 4th over - 1 run, 3 hits, 0 errors, 2 left on base; Scranton 4 - Tortolita 1
BOTTOM OF THE 4TH
Tortolita Drummers batting - Pitching for Scranton Supernovas : RHP Oliver Rodríguez
Batting: RHB Min-gook Ch'oe 0-0: Called Strike
0-1: Swinging Strike
0-2: Foul Ball, location: 2F
0-2: Strikes out swinging
Batting: RHB Peter Holland 0-0: Ball
1-0: Fly out, F7 (Line Drive, 7, EV 90.0 MPH)
Batting: SHB John Wilder 0-0: Ball
1-0: Ball
2-0: Foul Ball, location: 2F
2-1: Ball
3-1: Base on Balls
Batting: RHB Ken Moore 0-0: Swinging Strike
0-1: Foul Ball, location: 2F
0-2: Strikes out swinging
Bottom of the 4th over - 0 runs, 0 hits, 0 errors, 1 left on base; Scranton 4 - Tortolita 1
TOP OF THE 5TH
Scranton Supernovas batting - Pitching for Tortolita Drummers : LHP Zalontae Hillary
Batting: LHB Guan-pei Bei 0-0: SINGLE (Groundball, 6MD, EV 102.5 MPH)
Batting: RHB Guillermo Alessandrini 0-0: Ball
1-0: Grounds into double play, 5-4-3 (Groundball, 56, EV 103.8 MPH)
Batting: RHB César Ferreira 0-0: Ball
1-0: Ground out 6-3 (Groundball, 6, EV 80.6 MPH)
Top of the 5th over - 0 runs, 1 hit, 0 errors, 0 left on base; Scranton 4 - Tortolita 1
BOTTOM OF THE 5TH
Tortolita Drummers batting - Pitching for Scranton Supernovas : RHP Oliver Rodríguez
Batting: LHB Carlos Leyva 0-0: Called Strike
0-1: Ground out U3 (Groundball, 3, EV 90.0 MPH)
Batting: SHB Fernando Rincón 0-0: Called Strike
0-1: Ball
1-1: Ball
2-1: Swinging Strike
2-2: SINGLE (Line Drive, 4MD, EV 99.4 MPH)
Batting: LHB Rick Crockett 0-0: Called Strike
0-1: Ball
1-1: Foul Ball, location: 2F
1-2: Strikes out looking
Batting: RHB Tae-cho Han 0-0: Swinging Strike
0-1: Ball
1-1: Ball
2-1: Swinging Strike
2-2: Ball
Fernando Rincón steals 2nd, throwing error, E2
Fernando Rincón to third
3-2: SINGLE (Flyball, 8LS, EV 93.8 MPH)
Fernando Rincón scores
Batting: LHB Shawn Kyllo 0-0: Called Strike
0-1: Called Strike
0-2: Ball
1-2: SINGLE (Line Drive, 8RM, EV 100.0 MPH)
Tae-cho Han to second
Runner from 2nd tries for 3rd, SAFE, throw by CF made to third
Batting: RHB Min-gook Ch'oe 0-0: Swinging Strike
0-1: Foul Ball, location: 2F
0-2: Ball
1-2: Ball
2-2: Ball
3-2: Strikes out swinging
Bottom of the 5th over - 1 run, 3 hits, 1 error, 2 left on base; Scranton 4 - Tortolita 2
TOP OF THE 6TH
Scranton Supernovas batting - Pitching for Tortolita Drummers : LHP Zalontae Hillary
Batting: LHB Quentin Batkin 0-0: Fly out, F4 (Popup, 34S, EV 80.6 MPH)
Batting: RHB Domingo Cabrera 0-0: Called Strike
0-1: Called Strike
0-2: Ball
1-2: SOLO HOME RUN (Flyball, 78XD, EV 90.6 MPH), Distance : 381 ft
Batting: RHB Yong-ho Jheon 0-0: Ball
1-0: Called Strike
1-1: Swinging Strike
1-2: Ground out 1-3 (Groundball, 13, EV 64.4 MPH)
Batting: SHB John Clements 0-0: Called Strike
0-1: Ball
1-1: Ball
2-1: Foul Ball, location: 2F
2-2: Strikes out looking
Top of the 6th over - 1 run, 1 hit, 0 errors, 0 left on base; Scranton 5 - Tortolita 2
BOTTOM OF THE 6TH
Tortolita Drummers batting - Pitching for Scranton Supernovas : RHP Oliver Rodríguez
Batting: RHB Peter Holland 0-0: Ball
1-0: Ball
2-0: Ball
3-0: Base on Balls
Pitching: LHP Suezo Amano
Batting: SHB John Wilder 0-0: Ball
1-0: Swinging Strike
1-1: Ball
2-1: Ball
3-1: Foul Ball, location: 2F
3-2: Foul Ball, location: 2F
3-2: Strikes out swinging
Batting: RHB Ken Moore 0-0: Ball
1-0: Called Strike
1-1: Ball
2-1: Foul Ball, location: 2F
2-2: Foul Ball, location: 2F
2-2: Foul Ball, location: 2F
2-2: Strikes out looking
Batting: LHB Carlos Leyva 0-0: Ball
1-0: Foul Ball, location: 2F
1-1: Ball
2-1: Ball
3-1: Fielders Choice at 2nd, U4 (Groundball, 4M, EV 82.5 MPH)
Bottom of the 6th over - 0 runs, 0 hits, 0 errors, 1 left on base; Scranton 5 - Tortolita 2
TOP OF THE 7TH
Scranton Supernovas batting - Pitching for Tortolita Drummers : LHP Zalontae Hillary
Pitching: RHP Jerry Magee
Batting: LHB Ken Norris 0-0: Swinging Strike
0-1: Ball
1-1: Ball
2-1: Swinging Strike
2-2: DOUBLE (Line Drive, 89D, EV 101.9 MPH)
Batting: RHB Phil Moore 0-0: Foul Ball, location: 2F
0-1: Foul Ball, location: 2F
0-2: Fly out, F8 (Flyball, 8LM, EV 91.2 MPH)
Batting: LHB Guan-pei Bei 0-0: Intentional Walk
Batting: RHB Guillermo Alessandrini 0-0: Called Strike
0-1: Ball
1-1: Grounds into double play, 6-4-3 (Groundball, 6, EV 100.6 MPH)
Top of the 7th over - 0 runs, 1 hit, 0 errors, 1 left on base; Scranton 5 - Tortolita 2
BOTTOM OF THE 7TH
Tortolita Drummers batting - Pitching for Scranton Supernovas : LHP Suezo Amano
Batting: SHB Fernando Rincón 0-0: Ball
1-0: Ground out 4-3 (Groundball, 4MS, EV 85.6 MPH)
Batting: LHB Rick Crockett 0-0: Ball
1-0: Ball
2-0: Called Strike
2-1: Ball
3-1: Foul Ball, location: 2F
3-2: Strikes out swinging
Batting: RHB Tae-cho Han 0-0: Ball
1-0: Called Strike
1-1: Ball
2-1: Foul Ball, location: 2F
2-2: Foul Ball, location: 2F
2-2: Ball
3-2: SINGLE (Groundball, 6MD, EV 106.9 MPH)
Batting: LHB Shawn Kyllo 0-0: Ball
1-0: Called Strike
1-1: Foul Ball, location: 2F
1-2: Ball
2-2: Ball
3-2: Foul Ball, location: 2F
3-2: Foul Ball, location: 2F
3-2: Foul Ball, location: 2F
3-2: Ground out 4-3 (Groundball, 4, EV 86.2 MPH)
Bottom of the 7th over - 0 runs, 1 hit, 0 errors, 1 left on base; Scranton 5 - Tortolita 2
TOP OF THE 8TH
Scranton Supernovas batting - Pitching for Tortolita Drummers : RHP Jerry Magee
Batting: RHB César Ferreira 0-0: Ball
1-0: Ball
2-0: Foul Ball, location: 2F
2-1: SINGLE (Flyball, 8RS, EV 96.9 MPH)
Pitching: LHP Gabriel Leeds
Batting: LHB Quentin Batkin 0-0: Bunted foul
0-1: Ball
1-1: Ball
2-1: Sac Bunt to 15S - play at first, batter OUT! 1-4
César Ferreira to second
Batting: RHB Domingo Cabrera 0-0: Ball
1-0: Swinging Strike
1-1: Called Strike
1-2: Ground out 6-3 (Groundball, 6, EV 83.1 MPH)
Batting: RHB Yong-ho Jheon 0-0: Called Strike
0-1: Foul Ball, location: 2F
0-2: Fly out, F8 (Flyball, 8RS, EV 78.1 MPH)
Top of the 8th over - 0 runs, 1 hit, 0 errors, 1 left on base; Scranton 5 - Tortolita 2
BOTTOM OF THE 8TH
Tortolita Drummers batting - Pitching for Scranton Supernovas : LHP Suezo Amano
Now at 3B: Zacarías Salazar
Batting: RHB Min-gook Ch'oe 0-0: Ground out 5-3 (Groundball, 56S, EV 80.0 MPH)
Batting: RHB Peter Holland 0-0: Called Strike
0-1: Foul Ball, location: 2F
0-2: Ball
1-2: SINGLE (Line Drive, 34D, EV 105.6 MPH)
Pitching: LHP Faisal bin Nabeel
Batting: SHB John Wilder 0-0: Ball
1-0: Foul Ball, location: 2F
1-1: SINGLE (Line Drive, 4D, EV 95.6 MPH)
Peter Holland to second
Runner from 2nd tries for 3rd, SAFE, throw by CF made to third
Batting: RHB Ken Moore 0-0: Called Strike
0-1: Ball
1-1: Fly out, F6 (Popup, 6MS, EV 75.0 MPH)
Batting: LHB Carlos Leyva 0-0: Called Strike
0-1: Ball
1-1: Ground out 4-3 (Groundball, 4, EV 86.2 MPH)
Bottom of the 8th over - 0 runs, 2 hits, 0 errors, 2 left on base; Scranton 5 - Tortolita 2
TOP OF THE 9TH
Scranton Supernovas batting - Pitching for Tortolita Drummers : LHP Gabriel Leeds
Batting: SHB John Clements 0-0: Called Strike
0-1: Swinging Strike
0-2: Ball
1-2: Strikes out swinging
Batting: LHB Ken Norris 0-0: Ball
1-0: Ball
2-0: Foul Ball, location: 2F
2-1: Foul Ball, location: 2F
2-2: Ball
3-2: Base on Balls
Batting: RHB Phil Moore 0-0: Ball
1-0: Grounds into double play, 4-6-3 (Groundball, 4, EV 100.6 MPH)
Top of the 9th over - 0 runs, 0 hits, 0 errors, 0 left on base; Scranton 5 - Tortolita 2
BOTTOM OF THE 9TH
Tortolita Drummers batting - Pitching for Scranton Supernovas : LHP Faisal bin Nabeel
Pitching: RHP Roberto Morales
Batting: SHB Fernando Rincón 0-0: Ball
1-0: Foul Ball, location: 2F
1-1: Ball
2-1: Fly out, F8 (Line Drive, 8RM, EV 85.0 MPH)
Batting: LHB Rick Crockett 0-0: Ball
1-0: Ball
2-0: Fly out, F9 (Flyball, 9D, EV 102.5 MPH)
Batting: RHB Tae-cho Han 0-0: Ball
1-0: Called Strike
1-1: Ball
2-1: Ball
3-1: Base on Balls
Batting: LHB Shawn Kyllo 0-0: Ball
1-0: Foul Ball, location: 2F
1-1: Ball
2-1: Ball
3-1: Called Strike
3-2: Ground out 6-3 (Groundball, 6, EV 84.4 MPH)
Bottom of the 9th over - 0 runs, 0 hits, 0 errors, 1 left on base; Scranton 5 - Tortolita 2
Friday, March 26th, 2021 - OOTP Baseball 20.8 Build 74